 Dungeon Crawl Stone Soup version 0.30.1-9-gdf580d7c3d (webtiles) character file.

Game seed: 4506679469870462766

29 Ninjinzu the Trooper (level 3, -4/43 HPs)
             Began as a Demonspawn Berserker on Oct 1, 2023.
             Was a Follower of Trog.
             Slain by a gnoll
             ... wielding a +0 spear
              (5 damage)
             ... on level 2 of the Dungeon.
             The game lasted 00:01:41 (1138 turns).

Ninjinzu the Trooper (Demonspawn Berserker)         Turns: 1138, Time: 00:01:41

Health: -4/43      AC:  2    Str: 19    XL:     3   Next: 1%
Magic:  3/3        EV: 12    Int: 10    God:    Trog [*.....]
Gold:   30         SH:  0    Dex: 12    Spells: 2/2 levels left

rFire   . . .        a - +0 falchion
rCold   . . .        (no shield)
rNeg    . . .        b - +0 animal skin
rPois   .            (helmet restricted)
rElec   .            (no cloak)
rCorr   .            (no gloves)
SInv    .            (no boots)
Will    .....        (no amulet) Stlth
                     (no ring)
HPRegen 0.27/turn    (no ring)
MPRegen 0.08/turn

%: no passive effects
@: berserking, very quick
A: horns 1, big brain 1
a: Renounce Religion, Berserk


You were on level 2 of the Dungeon.
You worshipped Trog.
Trog was aware of your devotion.
You visited 1 branch of the dungeon, and saw 2 of its levels.

You collected 30 gold pieces.

Inventory:

Hand Weapons
 a - a +0 falchion (weapon)
Armour
 b - a +0 animal skin (worn)
Scrolls
 c - 2 scrolls of vulnerability {unknown}
 d - 5 scrolls of identify {unknown}
 e - a scroll of fear {unknown}
 g - a scroll of silence {unknown}
 h - a scroll of summoning {unknown}
Potions
 f - a potion of curing {unknown}
 i - a potion of heal wounds {unknown}


   Skills:
 + Level 3.4 Fighting
 + Level 3.3 Long Blades
 + Level 1.8 Armour
 + Level 1.9 Dodging


You had 2 spell levels left.
You didn't know any spells.
Your spell library was empty.

Dungeon Overview and Level Annotations

Branches:
Dungeon (2/15)

Altars:
Kikubaaqudgha


Innate Abilities, Weirdness & Mutations

You have a pair of small horns on your head.
You have an unusually large brain. (Int +2)


Message History

HP restored.
You see here a ball python corpse.
Found a stone staircase leading down.
h - a scroll labelled DAETOU AKKERHI
i - a golden potion
Found a club.
A gnoll comes into view. It is wielding a +0 whip.
A gnoll comes into view. It is wielding a +0 spear.
A gnoll comes into view. It is wielding a +0 whip.
There are monsters nearby!
The gnoll shouts! x2
You see here a +0 club.
The gnoll barely misses you.
You closely miss the gnoll. The gnoll hits you with a +0 spear.
The gnoll closely misses you.
The gnoll hits you from afar with a +0 spear.
You see here a +0 club.
You closely miss the gnoll.
The gnoll hits you from afar with a +0 spear.
You hit the gnoll. Your headbutt misses the gnoll.
The gnoll is moderately wounded.
The gnoll hits you from afar with a +0 spear.
The gnoll barely misses you. The gnoll hits you with a +0 whip.
You hit the gnoll.
The gnoll is moderately wounded.
The gnoll hits you from afar with a +0 spear!
* * * LOW HITPOINT WARNING * * *
The gnoll hits you with a +0 whip.
* * * LOW HITPOINT WARNING * * *
The gnoll closely misses you.
A red film seems to cover your vision as you go berserk!
You feel yourself moving faster!
You feel mighty! The gnoll barely misses you.
The gnoll hits you from afar with a +0 spear.
* * * LOW HITPOINT WARNING * * *
The gnoll hits you but does no damage.
You barely miss the gnoll.
The gnoll is moderately wounded.
The gnoll misses you.
The gnoll hits you from afar with a +0 spear.
You die...

#. #### #. ... ..
..##.# #....# #..
##.... ...
###...g# ..#
#....#g#
##.#####.##.g@#
#..#...#.##..##
.# #............#
. #......#.###.#
## #.._†....###.#
.###.†.†....##..#
.##.......#.##.##
.##...###......#
.##..###.......##


You could see 3 gnolls.

Vanquished Creatures
  A gnoll (D:1)
  2 dart slugs (D:1)
  An endoplasm (D:1)
  A giant cockroach (D:1)
  3 goblins (D:1)
  A hobgoblin (D:1)
  3 ball pythons
  3 bats
15 creatures vanquished.

Notes
Turn   | Place    | Note
-------+----------+-------------------------------------------
     0 | D:1      | Ninjinzu the Demonspawn Berserker began the quest for the
                  | Orb.
     0 | D:1      | Reached XP level 1. HP: 18/18 MP: 1/1
   189 | D:1      | Gained mutation: You have an unusually large brain. (Int
                  | +2) [demonic ancestry]
   189 | D:1      | Reached XP level 2. HP: 7/24 MP: 2/2
  1070 | D:2      | Found an ancient bone altar of Kikubaaqudgha.
  1085 | D:2      | Gained mutation: You have a pair of small horns on your
                  | head. [demonic ancestry]
  1085 | D:2      | Reached XP level 3. HP: 27/29 MP: 3/3
  1137 | D:2      | HP: 1/43 [gnoll/+0 spear (6)]
  1138 | D:2      | Slain by a gnoll

Illustrated notes

Levels and vault maps discovered:
D:1:      dpeg_arrival_line_fractal, layout_loops_corners,
          minmay_misc_feat_doors, minmay_tetromino_s4
D:2:      minmay_wonky_spiral, layout_rooms, basic_altar

Skill      XL: |  1 |
---------------+----+-----
Long Blades    | 3 |  3.3
Fighting       | |  3.4
Armour         | |  1.8
Dodging        | |  1.9

Action                     || total
---------------------------++-------
  Melee: Falchion          ||    62
         Punch             ||     1
 Invoke: Berserk           ||     1
 Armour: Animal skin       ||    13
  Dodge: Dodged            ||    46
